 Dungeon Crawl Stone Soup version 0.25-a0-549-g6e6e6501ad (webtiles) character file.

Game seed: 3291107699568993413, levelgen mode: deterministic

1670 ReteAZ the Covered (level 9, 0/66 HPs)
             Began as a Gnoll Wanderer on Feb 23, 2020.
             Was a Follower of Cheibriados.
             Succumbed to a hornet's poison
             ... on level 6 of the Dungeon.
             The game lasted 00:07:20 (5188 turns).

ReteAZ the Covered (Gnoll Wanderer)                 Turns: 5188, Time: 00:07:20

Health: 0/66       AC: 14    Str: 19    XL:     9   Next: 1%
Magic:  6/14       EV: 11    Int: 17    God:    Cheibriados [*.....]
Gold:   318        SH: 10    Dex: 17    Spells: 15/15 levels left

rFire    . . .     SeeInvis +   a - +0 hand crossbow
rCold    . . .     Gourm    .   c - +0 kite shield
rNeg     . . .     Faith    .   x - +0 ring mail
rPois    .         Spirit   .   B - +2 helmet {SInv}
rElec    .         Reflect  .   i - +0 cloak
rCorr    +         Harm     .   r - +0 pair of gloves (curse)
MR       .....                  (no boots)
Stlth    ++........             (no amulet)
HPRegen  0.21/turn              j - +2 ring of protection
MPRegen  0.14/turn              s - ring of resist corrosion

@: lethally poisoned (0 -> -17), very slow
A: distributed training, fangs 1, strong nose
a: Bend Time, Renounce Religion


You were on level 6 of the Dungeon.
You worshipped Cheibriados.
Cheibriados was aware of your devotion.
You were not hungry.

You visited 2 branches of the dungeon, and saw 7 of its levels.

You collected 318 gold pieces.

Inventory:

Hand Weapons
 a - a +0 hand crossbow (weapon)
 b - a +0 antimagic spear
Missiles
 d - 30 bolts (quivered)
Armour
 c - a +0 kite shield (worn)
 i - a +0 cloak (worn)
 r - a cursed +0 pair of gloves (worn)
 x - a +0 ring mail (worn)
 B - a +2 helmet of see invisible (worn)
Jewellery
 j - a +2 ring of protection (left hand)
 s - a ring of resist corrosion (right hand)
 E - the amulet "Ebitti Asa" {Faith Dex+4, unknown}
   (You found it on level 6 of the Dungeon)

   [amulet of faith]

   It allows you to gain divine favour quickly.
   It affects your dexterity (+4).
Scrolls
 g - 3 scrolls of amnesia {unknown}
 h - 2 scrolls of magic mapping {unknown}
 l - 12 scrolls of identify {unknown}
 p - a scroll of random uselessness {unknown}
 t - a scroll of blinking {unknown}
 v - 2 scrolls of teleportation {unknown}
 y - a scroll of enchant weapon {unknown}
 A - a scroll of fear {unknown}
 D - a scroll of remove curse {unknown}
Potions
 e - a potion of ambrosia {unknown}
 k - a potion of lignification {unknown}
 m - a potion of might {unknown}
 n - a potion of flight {unknown}
 o - a potion of curing
 q - a potion of stabbing {unknown}
 u - a potion of heal wounds {unknown}
 w - 3 potions of resistance {unknown}
 z - a potion of mutation {unknown}
 F - a potion of brilliance {unknown}
Comestibles
 f - 12 rations
 C - a chunk of flesh


   Skills:
 + Level 4.5 Fighting
 + Level 3.7 Short Blades
 + Level 3.7 Long Blades
 + Level 3.7 Axes
 + Level 4.5 Maces & Flails
 + Level 3.7 Polearms
 + Level 3.7 Staves
 + Level 3.7 Slings
 + Level 3.7 Bows
 + Level 7.6 Crossbows
 + Level 3.7 Throwing
 + Level 7.6 Armour
 + Level 3.7 Dodging
 + Level 3.7 Stealth
 + Level 4.5 Shields
 + Level 3.7 Unarmed Combat
 + Level 3.7 Spellcasting
 + Level 3.0 Conjurations
 + Level 3.0 Hexes
 + Level 3.0 Charms
 + Level 3.0 Summonings
 + Level 3.0 Necromancy
 + Level 3.0 Translocations
 + Level 3.0 Transmutations
 + Level 3.0 Fire Magic
 + Level 3.0 Ice Magic
 + Level 3.0 Air Magic
 + Level 3.0 Earth Magic
 + Level 3.0 Poison Magic
 + Level 4.0 Invocations
 + Level 4.5 Evocations


You had 15 spell levels left.
You didn't know any spells.
Your spell library contained the following spells:

 Spells                   Type           Power        Failure   Level  Hunger
 Animate Skeleton         Necr           N/A          28%         1    None
 Pain                     Necr           ##..         28%         1    None
 Vampiric Draining        Necr           ##........   65%         3    ###....
 Animate Dead             Necr           N/A          96%         4    ####...
 Agony                    Necr           ##......     100%        5    ######.


Dungeon Overview and Level Annotations

Branches:
Dungeon (6/15)             Temple (1/1) D:5

Altars:
Cheibriados
Dithmenos
Gozag
Hepliaklqana
Kikubaaqudgha
Nemelex Xobeh
Okawaru
Ru
Trog
Uskayaw
Wu Jian
Zin
The Shining One


Innate Abilities, Weirdness & Mutations

Your experience applies equally to all skills.
You have very sharp teeth.
Your uncanny sense of smell can sniff out nearby items.


Message History

Aim: a hornet (heavily wounded)
You shoot a bolt. The bolt closely misses the hornet.
You feel sick. You block the hornet's attack. x2
Firing (i - inventory)
d - 32 bolts (quivered)
Press: ? - help, Shift-Dir - straight line, f/p - hornet
Aim: a hornet (heavily wounded)
You shoot a bolt. The bolt hits the hornet.
The hornet is severely wounded.
You feel yourself speed up.
You feel sick. You block the hornet's attack. The hornet stings you!
* * * LOW HITPOINT WARNING * * *
You are more poisoned.
You feel yourself slow down. The hornet closely misses you.
Firing (i - inventory)
d - 31 bolts (quivered)
Press: ? - help, Shift-Dir - straight line, f/p - hornet
Aim: a hornet (severely wounded)
You shoot a bolt. The bolt hits the hornet.
The hornet is almost dead.
You feel yourself speed up.
You die...

#.###..:....#####.#########
...........# #.#
.....##.##.# #.#
.###...(..(.# #.#
......##.#..# #.# ###
........(#..# #.# #..
#####.....(.# #.# #
........##y## #.##
#######.##@######..#
#.##.......[.#
#.##########.# #. #.# #.#
#.# #)# #.# .... #.# #.# #
##.# #.# #.# #. #.# #.#
#.###.##>. #.# #.#.......


You could see a hornet.

Vanquished Creatures
  An orc warrior (D:5)
  2 ogres
  3 phantoms
  4 centaurs
  A bullfrog (D:6)
  A scorpion (D:5)
  A crimson imp (D:5)
  A centaur zombie (D:5)
  A bullfrog skeleton (D:4)
  A hound (D:5)
  2 orc priests (D:6)
  An orc wizard (D:5)
  4 iguanas
  7 worker ants
  A hound skeleton (D:4)
  A worker ant zombie (D:5)
  8 adders
  2 shadow imps
  2 oozes
  An adder skeleton (D:5)
  An adder zombie (D:5)
  3 worms
  A dart slug (D:3)
  3 leopard geckos
  11 orcs
  5 giant cockroaches
  9 goblins
  5 hobgoblins
  4 jackals (D:3)
  A quokka (D:5)
  A ball python (D:2)
  4 bats
  3 frilled lizards
  6 kobolds
  7 rats
109 creatures vanquished.

Notes
Turn   | Place    | Note
-------+----------+-------------------------------------------
     0 | D:1      | ReteAZ the Gnoll Wanderer began the quest for the Orb.
     0 | D:1      | ReteAZ set off with the following items: a +0 hand
                  | crossbow, a +0 ring mail, a +0 kite shield, 31 bolts, a
                  | ration
     0 | D:1      | Reached XP level 1. HP: 17/17 MP: 2/2
   141 | D:1      | Reached XP level 2. HP: 23/23 MP: 3/3
   835 | D:2      | Reached XP level 3. HP: 27/28 MP: 4/4
   887 | D:2      | Found a sacrificial altar of Ru.
  1207 | D:2      | Reached skill level 1 in Invocations
  1584 | D:3      | Found an iron altar of Okawaru.
  1605 | D:3      | Reached skill level 1 in Short Blades
  1605 | D:3      | Reached skill level 1 in Long Blades
  1605 | D:3      | Reached skill level 1 in Axes
  1605 | D:3      | Reached skill level 1 in Polearms
  1605 | D:3      | Reached skill level 1 in Staves
  1605 | D:3      | Reached skill level 1 in Slings
  1605 | D:3      | Reached skill level 1 in Bows
  1605 | D:3      | Reached skill level 1 in Throwing
  1605 | D:3      | Reached skill level 1 in Dodging
  1605 | D:3      | Reached skill level 1 in Stealth
  1605 | D:3      | Reached skill level 1 in Unarmed Combat
  1605 | D:3      | Reached skill level 1 in Spellcasting
  1605 | D:3      | Reached XP level 4. HP: 34/34 MP: 4/6
  1724 | D:3      | Found a shadowy altar of Dithmenos.
  1964 | D:3      | Reached skill level 1 in Conjurations
  1964 | D:3      | Reached skill level 1 in Hexes
  1964 | D:3      | Reached skill level 1 in Charms
  1964 | D:3      | Reached skill level 1 in Summonings
  1964 | D:3      | Reached skill level 1 in Necromancy
  1964 | D:3      | Reached skill level 1 in Translocations
  1964 | D:3      | Reached skill level 1 in Transmutations
  1964 | D:3      | Reached skill level 1 in Fire Magic
  1964 | D:3      | Reached skill level 1 in Ice Magic
  1964 | D:3      | Reached skill level 1 in Air Magic
  1964 | D:3      | Reached skill level 1 in Earth Magic
  1964 | D:3      | Reached skill level 1 in Poison Magic
  2498 | D:4      | Noticed an ogre
  2505 | D:4      | Killed an ogre
  2505 | D:4      | Reached XP level 5. HP: 36/41 MP: 7/7
  2516 | D:4      | Reached XP level 6. HP: 33/47 MP: 8/8
  2761 | D:4      | Noticed a phantom
  2773 | D:4      | Killed a phantom
  3137 | D:5      | Entered Level 5 of the Dungeon
  3145 | D:4      | Reached XP level 7. HP: 52/52 MP: 10/10
  3425 | D:5      | Found a staircase to the Ecumenical Temple.
  3441 | Temple   | Entered the Ecumenical Temple
  3450 | Temple   | Became a worshipper of Cheibriados the Contemplative
  3835 | D:5      | Reached XP level 8. HP: 52/60 MP: 12/12
  4937 | D:6      | Reached * piety under Cheibriados
  5018 | D:6      | Reached XP level 9. HP: 66/66 MP: 6/14
  5037 | D:6      | Got a bound zirconium amulet
  5038 | D:6      | Found a glowing golden altar of the Shining One.
  5166 | D:6      | Noticed a hornet
  5173 | D:6      | Paralysed by a hornet for 2 turns
  5187 | D:6      | HP: 2/66 [hornet (12)]
  5188 | D:6      | Succumbed to a hornet's poison

Levels and vault maps discovered:
D:1:      lemuel_arrival_rhombus, layout_basic, minmay_indecisive_spiral
D:2:      layout_loops_corners, nicolae_ru_path_of_blood
D:3:      layout_basic, overflow_temple_1_default,
          grunt_dithmenos_smoke_and_mirrors
D:4:      layout_cave_pools
D:5:      layout_basic, minmay_temple_entry_mist, first_ration,
          chequers_serial_rivers_small_b
D:6:      layout_loops_ring, kennysheep_little_box, tso_metal_star
Temple:   eino_temple_lava

Skill      XL: |  1  2  3  4  5  6  7  8 |
---------------+-------------------------+-----
Invocations    | 1 2 3 4 |  4.0
Short Blades   | 1 2 3 |  3.7
Long Blades    | 1 2 3 |  3.7
Axes           | 1 2 3 |  3.7
Polearms       | 1 2 3 |  3.7
Staves         | 1 2 3 |  3.7
Slings         | 1 2 3 |  3.7
Bows           | 1 2 3 |  3.7
Throwing       | 1 2 3 |  3.7
Dodging        | 1 2 3 |  3.7
Stealth        | 1 2 3 |  3.7
Unarmed Combat | 1 2 3 |  3.7
Spellcasting   | 1 2 3 |  3.7
Conjurations   | 1 2 3 |  3.0
Hexes          | 1 2 3 |  3.0
Charms         | 1 2 3 |  3.0
Summonings     | 1 2 3 |  3.0
Necromancy     | 1 2 3 |  3.0
Translocations | 1 2 3 |  3.0
Transmutations | 1 2 3 |  3.0
Fire Magic     | 1 2 3 |  3.0
Ice Magic      | 1 2 3 |  3.0
Air Magic      | 1 2 3 |  3.0
Earth Magic    | 1 2 3 |  3.0
Poison Magic   | 1 2 3 |  3.0
Fighting       | 3 4 |  4.5
Maces & Flails | 3 4 |  4.5
Shields        | 3 4 |  4.5
Evocations     | 3 4 |  4.5
Crossbows      | 7 |  7.6
Armour         | 7 |  7.6

Action                   |  1- 3 |  4- 6 |  7- 9 || total
-------------------------+-------+-------+-------++-------
Melee: Spear             |       |       |    48 ||    48
       Bite              |       |       |     5 ||     5
 Fire: Hand crossbow     |    77 |   123 |   189 ||   389
  Use: Potion            |       |       |     1 ||     1
  Eat: Chunk             |     2 |     5 |     6 ||    13
Armor: Ring mail         |    17 |    30 |    56 ||   103
Dodge: Dodged            |    18 |    25 |    53 ||    96
Block: Kite shield       |    24 |    28 |    72 ||   124

Table legend:
 A = Non-vault XP
 B = Vault XP
 C = Vault XP percentage of total XP
 D = Non-vault monster count
 E = Vault monster count
 F = Vault count percentage of total count
                 A         B        C        D         E       F
            +---------+---------+-------+---------+---------+-------
      Total |    2374 |      12 |   0.5 |     105 |       4 |   3.7
            +---------+---------+-------+---------+---------+-------
        D:1 |      14 |      12 |  46.2 |       8 |       4 |  33.3
        D:2 |      32 |       0 |   0.0 |      12 |       0 |   0.0
        D:3 |      96 |       0 |   0.0 |      29 |       0 |   0.0
        D:4 |     459 |       0 |   0.0 |      15 |       0 |   0.0
        D:5 |    1139 |       0 |   0.0 |      29 |       0 |   0.0
        D:6 |     634 |       0 |   0.0 |      12 |       0 |   0.0
            +---------+---------+-------+---------+---------+-------
